 Dungeon Crawl Stone Soup version 0.22.1-1-ga44c0e5 (webtiles) character file.

1549 Velaskes the Covered (level 8, -4/62 HPs)
             Began as a Demonspawn Abyssal Knight on Oct 30, 2018.
             Was a Priest of Lugonu.
             Killed from afar by an orc wizard (7 damage)
             ... with a puff of flame
             ... on level 6 of the Dungeon.
             The game lasted 00:34:00 (6022 turns).

Velaskes the Covered (Demonspawn Abyssal Knight)    Turns: 6022, Time: 00:34:01

Health: -4/62      AC: 14    Str: 14    XL:     8   Next: 57%
Magic:  9/9        EV:  7    Int: 14    God:    Lugonu [***...]
Gold:   171        SH:  7    Dex: 13    Spells: 7/7 levels left

rFire    . . .     SeeInvis .   a - +1 mace
rCold    . . .     Gourm    .   y - +0 shield
rNeg     . . .     Faith    .   e - +3 scale mail
rPois    .         Spirit   .   (helmet unavailable)
rElec    .         Reflect  .   j - +1 cloak
rCorr    .         Harm     .   (no gloves)
MR       .....                  (no boots)
Stlth    +.........             (no amulet)
HPRegen  0.20/turn              (no ring)
MPRegen  0.11/turn              (no ring)

@: no status effects
A: horns 3, slimy green scales 1, spiny 1
a: Depart the Abyss, Bend Space, Banish, Renounce Religion


You were on level 6 of the Dungeon.
You worshipped Lugonu.
Lugonu was most pleased with you.
You were not hungry.

You visited 1 branch of the dungeon, and saw 6 of its levels.
You visited the Abyss 1 time.

You collected 171 gold pieces.

Inventory:

Hand Weapons
 a - a +1 mace (weapon)
 d - a +0 giant club
 g - a +1 scimitar of electrocution
 r - a +0 flail
 t - a +0 shortbow
Missiles
 m - 8 javelins (quivered)
 o - 5 needles of confusion
 v - 35 arrows
Armour
 e - a +3 scale mail (worn)
 i - a +0 ring mail
 j - a +1 cloak (worn)
 p - a +2 leather armour of poison resistance
 s - a +2 robe of cold resistance
 y - a +0 shield (worn)
Jewellery
 D - an uncursed ring of stealth {unknown}
Scrolls
 f - 5 scrolls of amnesia
 h - 2 scrolls of teleportation
 u - 2 scrolls of remove curse
 x - a scroll of noise {unknown}
 z - a scroll of magic mapping
 B - a scroll of silence {unknown}
Potions
 b - a potion of flight {unknown}
 k - 4 potions of curing
 l - 2 potions of mutation {unknown}
 n - a potion of brilliance {unknown}
 q - a potion of agility {unknown}
 w - a potion of degeneration {unknown}
 A - a potion of lignification {unknown}
 C - 2 potions of resistance {unknown}
Comestibles
 c - 7 rations


   Skills:
 + Level 5.0 Fighting
 + Level 6.0 Maces & Flails
 + Level 6.0 Armour
 + Level 3.2 Dodging
 + Level 2.0 Stealth
 + Level 0.3 Shields
 + Level 2.4 Invocations


You had 7 spell levels left.
You didn't know any spells.
Your spell library contained the following spells:

 Spells                   Type           Power        Failure   Level  Hunger
 Beastly Appendage        Tmut           #.....       100%        1    ##.....
 Sticks to Snakes         Tmut           #.......     100%        2    ###....
 Spider Form              Tmut/Pois      #.........   100%        3    ####...
 Ice Form                 Ice/Tmut       #.......     100%        4    #####..
 Blade Hands              Tmut           #.........   100%        5    ######.


Dungeon Overview and Level Annotations

Branches:
Dungeon (6/15)
 Temple: D:4-7

Altars:
Makhleb


Innate Abilities, Weirdness & Mutations

You have a pair of large horns on your head.
You are partially covered in slimy green scales. (AC +2)
You are partially covered in sharp spines.


Message History

The orc wizard points at you and mumbles some strange words.
The puff of flame hits you!
The orc priest mumbles some strange prayers to Beogh against you.
Beogh smites you!
You miss the orc wizard. Your headbutt misses the orc wizard.
The orc wizard is severely wounded.
The orc wizard hits you but does no damage.
The orc priest miscasts a cantrip.
You miss the orc wizard.
The orc wizard is severely wounded.
You feel less confused.
The orc wizard gestures at you while chanting.
The puff of flame hits you!
* * * LOW HITPOINT WARNING * * *
The orc priest mumbles some strange prayers to Beogh against you.
Beogh smites you!
* * * LOW HITPOINT WARNING * * *
The orc wizard gestures at you while chanting.
The puff of flame hits you!
You die...

#.# #.# #.# #.#
#.# #.#
#######.#######
....(...o)o...#
#######@#####.#
........#
#########


You could see an orc priest and an orc wizard.

Vanquished Creatures
  Grinder (D:4)
  Duvessa (D:5)
  2 ogres
  2 centaurs
  Blork the orc (D:4)
  A bullfrog (D:6)
  Dowan (D:5)
  2 scorpions
  A water moccasin skeleton (D:6)
  2 crimson imps
  2 orc priests
  2 hounds (D:5)
  2 orc wizards
  Jessica (D:2)
  3 worker ants
  A killer bee zombie (D:6)
  A hound skeleton (D:6)
  A howler monkey zombie (D:6)
  8 adders
  3 gnolls (D:3)
  An adder zombie (D:5)
  2 adder skeletons
  3 worms
  A dart slug (D:1)
  2 leopard geckos
  17 orcs
  4 goblins
  5 hobgoblins
  6 jackals (D:4)
  6 quokkas
  3 ball pythons
  7 bats
  5 frilled lizards
  10 kobolds
  5 rats
115 creatures vanquished.

Notes
Turn   | Place    | Note
-------+----------+-------------------------------------------
     0 | Abyss:1  | Velaskes the Demonspawn Abyssal Knight began the quest for
                  | the Orb.
     0 | Abyss:1  | Reached XP level 1. HP: 18/18 MP: 2/2
     0 | D:1      | Escaped the Abyss
    55 | D:1      | Reached skill level 1 in Dodging
   373 | D:1      | Gained mutation: You have a pair of small horns on your
                  | head. [demonic ancestry]
   373 | D:1      | Reached XP level 2. HP: 22/24 MP: 3/3
   439 | D:1      | Reached * piety under Lugonu
  1123 | D:2      | Gained mutation: You are partially covered in sharp spines.
                  | [demonic ancestry]
  1123 | D:2      | Reached XP level 3. HP: 29/29 MP: 4/4
  1242 | D:2      | Noticed an ogre
  1260 | D:2      | Found a burning altar of Makhleb.
  1264 | D:2      | Killed an ogre
  1264 | D:2      | Gained mutation: You have a pair of horns on your head.
                  | [demonic ancestry]
  1264 | D:2      | Reached XP level 4. HP: 10/36 MP: 5/5
  1629 | D:2      | Noticed Jessica
  1637 | D:2      | Killed Jessica
  1637 | D:2      | Gained mutation: You are partially covered in slimy green
                  | scales. (AC +2) [demonic ancestry]
  1637 | D:2      | Reached XP level 5. HP: 17/41 MP: 6/6
  2558 | D:3      | Reached ** piety under Lugonu
  2894 | D:3      | Reached XP level 6. HP: 46/48 MP: 7/7
  3361 | D:4      | Noticed Grinder
  3377 | D:4      | Paralysed by Grinder for 7 turns
  3393 | D:4      | Killed Grinder
  3393 | D:4      | Gained mutation: You have a pair of large horns on your
                  | head. [demonic ancestry]
  3393 | D:4      | Reached XP level 7. HP: 29/54 MP: 8/8
  3586 | D:4      | Found a sand-covered staircase.
  3727 | D:4      | Reached skill level 1 in Stealth
  4153 | D:5      | Entered Level 5 of the Dungeon
  4188 | D:5      | Noticed Duvessa
  4208 | D:5      | Killed Duvessa
  4218 | D:5      | Noticed Dowan
  4222 | D:5      | Noticed Blork the orc
  4265 | D:4      | Killed Blork the orc
  4265 | D:4      | Reached skill level 5 in Maces & Flails
  4300 | D:5      | Killed Dowan
  4446 | D:5      | Reached skill level 5 in Armour
  4446 | D:5      | Reached XP level 8. HP: 40/61 MP: 9/9
  4625 | D:5      | Reached *** piety under Lugonu
  4988 | D:5      | Found a burning altar of Makhleb.
  5551 | D:6      | Reached skill level 5 in Fighting
  6022 | D:6      | HP: 3/62 [orc priest/divine providence (12)]
  6022 | D:6      | Killed from afar by an orc wizard

Skill      XL: |  1  2  3  4  5  6  7  8 |
---------------+-------------------------+-----
Dodging        | 1 2 3 |  3.2
Armour         | 2 3 4 5 6 |  6.0
Maces & Flails | 2 3 4 5 6 |  6.0
Fighting       | 4 5 |  5.0
Stealth        | 1 2 |  2.0
Shields        | |  0.3
Invocations    | |  2.4

Action                   |  1- 3 |  4- 6 |  7- 9 || total
-------------------------+-------+-------+-------++-------
Melee: Mace              |    82 |    92 |   165 ||   339
       Headbutt          |     7 |    16 |    29 ||    52
Invok: Depart the Abyss  |     1 |       |       ||     1
  Use: Scroll            |     7 |     4 |     1 ||    12
       Potion            |       |       |     5 ||     5
  Eat: Chunk             |     1 |       |     1 ||     2
       Ration            |       |     2 |     3 ||     5
Armor: Leather armour    |    57 |       |       ||    57
       Scale mail        |     5 |    37 |    84 ||   126
Dodge: Dodged            |    80 |    41 |    79 ||   200
Block: Shield            |       |       |    20 ||    20
